 Dungeon Crawl Stone Soup version 0.17-a0-1914-gde4187c (webtiles) character file.

798 Ijustatesigmund the Cleaver (level 7, -14/64 HPs)
             Began as a Hill Orc Fighter on Sept 26, 2015.
             Demolished by graki42's ghost (20 damage)
             ... on level 5 of the Dungeon.
             The game lasted 00:10:57 (3429 turns).

Ijustatesigmund the Cleaver (Hill Orc Fighter)      Turns: 3429, Time: 00:10:59

Health: -14/64     AC: 14    Str: 19    XL:     7   Next: 89%
Magic:  0/0        EV:  5    Int:  8    God:
Gold:   299        SH:  0    Dex: 17    Spells: 0 memorised, 6 levels left

rFire  . . .     SeeInvis .     s - +2 morningstar of Ywurgh {crush, +Rage MP-9 Dex+5} (curse)
rCold  . . .     Clarity  .     f - +3 chain mail
rNeg   . . .     SustAt   .     c - +0 shield
rPois  .         Gourm    .     (no helmet)
rElec  .         Spirit   .     (no cloak)
rCorr  .         Warding  .     i - +0 pair of gloves
rMut   .         Stasis   .     (no boots)
MR     .....                    (no amulet)
Stlth  ..........               (no ring)
                                (no ring)

@: confused, not resistant to hostile enchantments, extremely unstealthy
A: no striking features
a: Evoke Berserk Rage


You were on level 5 of the Dungeon.
You were not hungry.

You visited 1 branch of the dungeon, and saw 5 of its levels.

You collected 299 gold pieces.

Inventory:

Hand weapons
 a - a +1 war axe
 s - the cursed +2 morningstar of Ywurgh (weapon) {crush, +Rage MP-9 Dex+5}
   (You found it on level 5 of the Dungeon)

   It inflicts extra damage upon your enemies.
   It affects your dexterity (+5).
   It affects your magic capacity (-9).
   It lets you go berserk.
   It has a curse placed upon it.
Armour
 c - a +0 shield (worn)
 f - a +3 chain mail (worn)
 g - a +0 ring mail
 i - a +0 pair of gloves (worn)
Magical devices
 n - a wand of polymorph (11)
 p - a wand of frost (29)
 q - a wand of digging (12)
Scrolls
 b - a scroll of enchant weapon
 d - a scroll of magic mapping
 h - a scroll of identify
 l - a scroll of teleportation
 o - 3 scrolls of remove curse
Potions
 m - 3 potions of brilliance
 r - a potion of lignification
Comestibles
 e - 4 bread rations


   Skills:
 + Level 6.8 Fighting
 * Level 8.3 Axes
 + Level 5.2 Armour
 - Level 3.2 Shields


You had 6 spell levels left.
You didn't know any spells.

Dungeon Overview and Level Annotations

Branches:
Dungeon (5/15)             Temple (0/1) D:5

Altars:
Kikubaaqudgha

Shops:
D:4 *

Annotations:
D:5 graki42's ghost, experienced DECj


Message History

The black bear bites you but does no damage.
The black bear claws you but does no damage. x2
Drink which item? (? for menu, Esc to quit)
Okay, then.
Drink which item? (? for menu, Esc to quit)
You are more confused.
You feel invigorated.
The black bear bites you but does no damage.
The black bear claws you but does no damage. x2
Graki42's ghost gestures at you while chanting.
The spray of energy hits you!
* * * LOW HITPOINT WARNING * * *
You bump into the rock wall.
The black bear bites you.
* * * LOW HITPOINT WARNING * * *
The black bear claws you.
* * * LOW HITPOINT WARNING * * *
The black bear claws you but does no damage.
Graki42's ghost hits you but does no damage.
You are electrocuted!
You die...

#.###.##.....
..##.##..... #.#..##.....
#.#.####.... #
##...###.[...
..###########............
.......#.......#####.....
.8.8.8$#.##.....# #.....
..⌠.⌠!.W@##.###.# #....<
.8.>.8.h....# .# ##....
..⌠.⌠..#..### .# ##...
.8.8.8....# .# ####
.......#.(# ....#......
#.#.#.##.... . . ..
..#### . ... ..#


You could see a black bear and graki42's ghost.

Vanquished Creatures
  Grinder (D:4)
  Sigmund (D:4)
  Blork the orc (D:4)
  A scorpion (D:4)
  Ijyb (D:2)
  A giant frog skeleton (D:5)
  An iguana (D:4)
  Terence (D:2)
  Natasha (twice) (D:2)
  3 gnolls (D:2)
  5 adders
  A shadow imp (D:5)
  An ooze (D:3)
  3 giant geckos
  11 orcs
  A ball python (D:3)
  7 bats
  4 giant cockroaches
  10 goblins
  8 hobgoblins
  7 jackals
  7 kobolds
  A giant gecko zombie (D:5)
  4 giant newts
  12 rats
95 creatures vanquished.

Vanquished Creatures (others)
  5 toadstools (D:1)
5 creatures vanquished.

Grand Total: 100 creatures vanquished

Notes
Turn   | Place    | Note
--------------------------------------------------------------
     0 | D:1      | Ijustatesigmund the Hill Orc Fighter began the quest for the Orb.
     0 | D:1      | Reached XP level 1. HP: 19/19 MP: 1/1
   134 | D:1      | Reached skill level 4 in Fighting
   134 | D:1      | Reached XP level 2. HP: 27/27 MP: 2/2
   568 | D:2      | Reached XP level 3. HP: 32/34 MP: 3/3
   969 | D:3      | Reached XP level 4. HP: 35/41 MP: 4/4
   974 | D:3      | Reached skill level 5 in Fighting
  1584 | D:2      | Noticed Ijyb
  1608 | D:2      | Killed Ijyb
  1608 | D:2      | Reached skill level 5 in Axes
  1608 | D:2      | Reached XP level 5. HP: 35/48 MP: 5/5
  1672 | D:2      | Found a faded altar to an unknown god.
  1714 | D:2      | Noticed Terence
  1715 | D:2      | Noticed Natasha
  1721 | D:2      | Killed Natasha
  1723 | D:2      | Killed Terence
  1966 | D:2      | Noticed Natasha
  1976 | D:2      | Killed Natasha
  2293 | D:3      | Reached XP level 6. HP: 51/56 MP: 6/6
  2323 | D:4      | Reached skill level 6 in Axes
  2411 | D:4      | Noticed Sigmund
  2437 | D:4      | Killed Sigmund
  2437 | D:4      | Reached skill level 7 in Axes
  2437 | D:4      | Reached XP level 7. HP: 23/63 MP: 7/7
  2762 | D:4      | Found Fyxka's Elemental Accessories.
  2904 | D:4      | Found an ancient bone altar of Kikubaaqudgha.
  2930 | D:4      | Noticed Grinder
  2935 | D:4      | Paralysed by Grinder for 6 turns
  2956 | D:4      | Paralysed by Grinder for 4 turns
  2963 | D:4      | Killed Grinder
  2963 | D:4      | Reached skill level 5 in Armour
  2993 | D:4      | Noticed Blork the orc
  3000 | D:4      | Killed Blork the orc
  3000 | D:4      | Reached skill level 8 in Axes
  3375 | D:5      | Entered Level 5 of the Dungeon
  3408 | D:5      | Got a dazzling morningstar
  3409 | D:5      | Identified the cursed +2 morningstar of Ywurgh {crush, +Rage MP-9 Dex+5} (You found it on level 5 of the Dungeon)
  3414 | D:5      | Found a staircase to the Ecumenical Temple.
  3416 | D:5      | Noticed graki42's ghost (experienced DECj)
  3429 | D:5      | Demolished by graki42's ghost

Vault maps used:
D:1:      ldierk_walled_garden
D:2:      kennysheep_big_flooded_room, ecumenical_altar_2, uniq_terence,
          uniq_iyjb, uniq_natasha
D:4:      kiku_gazebo_pond_becter, first_bread, nicolae_elemental_shop,
          uniq_grinder, uniq_blork_the_orc, uniq_sigmund
D:5:      minmay_temple_entry_statues_fountains

Action                   |  1- 3 |  4- 6 |  7- 9 || total
-------------------------+-------+-------+-------++-------
Melee: War axe           |    65 |   180 |    55 ||   300
       Morningstar       |       |       |     5 ||     5
  Use: Potion            |     2 |     1 |     2 ||     5
       Scroll            |       |    10 |     3 ||    13
  Eat: Chunk             |       |     5 |     2 ||     7
       Pizza             |       |       |     1 ||     1
